 Dungeon Crawl Stone Soup version 0.22-a0-608-g8a62e23 (webtiles) character file.

23 Hebeh the Firebug (level 2, -2/16 HPs)
             Began as a Deep Elf Fire Elementalist on July 9, 2018.
             Slain by a worm (9 damage)
             ... on level 2 of the Dungeon.
             The game lasted 00:04:25 (1092 turns).

Hebeh the Firebug (Deep Elf Fire Elementalist)      Turns: 1092, Time: 00:04:25

Health: -2/16      AC:  2    Str:  5    XL:     2   Next: 72%
Magic:  3/8        EV: 13    Int: 19    God:
Gold:   48         SH:  0    Dex: 15    Spells: 7/8 levels left

rFire    . . .     SeeInvis .   m - +2 rapier (holy)
rCold    . . .     Gourm    .   (no shield)
rNeg     . . .     Faith    .   a - +0 robe
rPois    .         Spirit   .   (no helmet)
rElec    .         Reflect  .   (no cloak)
rCorr    .         Harm     .   (no gloves)
MR       .....                  (no boots)
Stlth    ++........             (no amulet)
HPRegen  0.05/turn              (no ring)
MPRegen  0.11/turn              (no ring)

@: no status effects
A: no striking features
a: no special abilities


You were on level 2 of the Dungeon.
You were not hungry.

You visited 1 branch of the dungeon, and saw 2 of its levels.

You collected 48 gold pieces.

Inventory:

Hand Weapons
 i - a +0 dagger
 l - a +1 dagger of venom
 m - a +2 rapier of holy wrath (weapon)
Missiles
 k - 32 stones (quivered)
Armour
 a - a +0 robe (worn)
Scrolls
 b - a scroll of magic mapping {unknown}
 e - 4 scrolls of identify {unknown}
 f - a scroll of immolation {unknown}
 h - a scroll of teleportation {unknown}
 j - a scroll of enchant weapon {unknown}
Potions
 d - a potion of lignification {unknown}
 n - a potion of curing {unknown}
Comestibles
 c - 2 rations
 g - 2 chunks of flesh


   Skills:
 + Level 0.4 Fighting
 - Level 2.4 Dodging
 - Level 2.4 Stealth
 * Level 3.5 Spellcasting
 * Level 1.9 Conjurations
 * Level 3.6 Fire Magic


You had 7 spell levels left.
You knew the following spells:

 Your Spells              Type           Power        Failure   Level  Hunger
a - Flame Tongue          Conj/Fire      ##...        4%          1    None

Your spell library contained the following spells:

 Spells                   Type           Power        Failure   Level  Hunger
 Fireball                 Conj/Fire      ##........   77%         5    ######.
 Conjure Flame            Conj/Fire      ##......     14%         3    ###....
 Throw Flame              Conj/Fire      ##....       7%          2    ##.....
 Sticky Flame             Conj/Fire      ##......     41%         4    ####...
 Inner Flame              Hex/Fire       ##......     21%         3    ###....


Dungeon Overview and Level Annotations

Branches:
Dungeon (2/15)

Altars:


Message History

The worm is moderately wounded.
Casting: Flame Tongue (safe; 4% risk of failure)
Confirm with . or Enter, or press ? or * to list all spells.
Aiming: Flame Tongue (safe; 4% risk of failure)
Press: ? - help, Shift-Dir - straight line, f/p - worm
Aim: a worm (moderately wounded)
The flame tongue hits the worm.
The worm is moderately wounded.
The worm bites you!
Ouch! That really hurt!
Casting: Flame Tongue (safe; 4% risk of failure)
Confirm with . or Enter, or press ? or * to list all spells.
Aiming: Flame Tongue (safe; 4% risk of failure)
Press: ? - help, Shift-Dir - straight line, f/p - worm
Aim: a worm (moderately wounded)
The flame tongue hits the worm.
The worm is almost dead.
The worm bites you!
Ouch! That really hurt!
You die...

..# #.# #.#
#.######
######.##...#
#......((...#
#.####.##...#
#.#
#.###w#########
# ###.####.#
#.@(.......
#.#.....##.#
#..#####.##
#.#.....##.#
#.†#
#..........#
#..#
###.....####
#... #.....#
.... ###.###
......
######.#####
((...#
#..........#


You could see a worm.

Vanquished Creatures
  A leopard gecko (D:2)
  2 hobgoblins (D:1)
  2 kobolds
  A ball python (D:2)
  3 bats (D:1)
  2 frilled lizards
  6 goblins
  4 rats (D:1)
21 creatures vanquished.

Notes
Turn   | Place    | Note
-------+----------+-------------------------------------------
     0 | D:1      | Hebeh the Deep Elf Fire Elementalist began the quest for the Orb.
     0 | D:1      | Reached XP level 1. HP: 10/10 MP: 6/6
   298 | D:1      | Reached XP level 2. HP: 15/15 MP: 6/8
  1092 | D:2      | Slain by a worm

Vault maps used:
D:1:      elethiomel_arrival_maze
D:2:      xom_teletrap_fun

Action                   || total
-------------------------++-------
Throw: Stone             ||     6
 Cast: Flame Tongue      ||    35
Armor: Robe              ||     5
Dodge: Dodged            ||     5

Table legend:
 A = Spawn XP
 B = Non-spawn XP
 C = Spawn XP percentage of total XP
 D = Spawn monster count
 E = Non-spawn monster count
 F = Spawn count percentage of total count
 G = Total turns spent on level
                    A         B        C        D         E        F      G
               +---------+---------+-------+---------+---------+-------+---------
         Total |       0 |      33 |   0.0 |       0 |      21 |   0.0 |  1092
               +---------+---------+-------+---------+---------+-------+---------
           D:1 |       0 |      25 |   0.0 |       0 |      16 |   0.0 |   971
           D:2 |       0 |       8 |   0.0 |       0 |       5 |   0.0 |   121
               +---------+---------+-------+---------+---------+-------+---------
